 Dungeon Crawl Stone Soup version 0.18.1-8-gdd0e5ea (webtiles) character file.

57 Gagarin the Charmwright (level 4, -4/34 HPs)
             Began as a Merfolk Skald on June 1, 2016.
             Was an Initiate of Qazlal.
             Slain by Crazy Yiuf
             ... wielding a +3 quarterstaff of chaos
              (10 damage)
             ... on level 2 of the Dungeon.
             The game lasted 00:05:36 (1894 turns).

Gagarin the Charmwright (Merfolk Skald)             Turns: 1894, Time: 00:05:37

Health: -4/34      AC:  3    Str: 12    XL:     4   Next: 0%
Magic:  0/7        EV: 12    Int: 12    God:    Qazlal [......]
Gold:   118        SH:  0    Dex: 13    Spells: 2 memorised, 3 levels left

rFire  . . .     SeeInvis .     m - +0 bardiche
rCold  . . .     Gourm    .     b - +0 leather armour
rNeg   . . .     Faith    .     (shield currently unavailable)
rPois  .         Spirit   .     (no helmet)
rElec  .         Dismiss  .     (no cloak)
rCorr  .         Reflect  .     (no gloves)
SustAt .         Harm     .     (no boots)
MR     .....                    (no amulet)
Stlth  +.........               (no ring)
                                (no ring)

@: infused (expiring), very slightly contaminated, regenerating (expiring),
slowed, very slow, not resistant to hostile enchantments, very unstealthy
A: change form in water, swift swim
a: Renounce Religion


You were on level 2 of the Dungeon.
You worshipped Qazlal.
Qazlal was noncommittal.
You were not hungry.

You visited 1 branch of the dungeon, and saw 2 of its levels.

You collected 118 gold pieces.

Inventory:

Hand Weapons
 a - a +0 spear
 m - a +0 bardiche (weapon)
Missiles
 g - 5 needles of sleeping
Armour
 b - a +0 leather armour (worn)
Jewellery
 e - an uncursed ring of fire {unknown}
Scrolls
 h - a scroll of recharging {unknown}
 k - 3 scrolls of amnesia {unknown}
 l - a scroll of identify {unknown}
 o - a scroll of blinking {unknown}
Potions
 f - a potion of curing
 i - a potion of haste {unknown}
 n - a potion of lignification {unknown}
Books
 c - a book of Battle

   Spells                             Type                      Level
   a - Infusion                       Charms                       1
   b - Shroud of Golubria             Charms/Translocation         2
   c - Song of Slaying                Charms                       2
   d - Spectral Weapon                Hexes/Charms                 3
   e - Regeneration                   Charms/Necromancy            3
Comestibles
 d - 2 bread rations
 j - a slice of pizza
 p - 4 chunks of flesh


   Skills:
 + Level 2.7 Fighting
 + Level 3.5 Polearms
 + Level 0.9 Armour
 + Level 2.4 Dodging
 + Level 2.1 Spellcasting
 + Level 4.0 Charms


You had 3 spell levels left.
You knew the following spells:

 Your Spells              Type           Power        Failure   Level  Hunger
a - Infusion              Chrm           ##..         8%          1    ##.....
b - Regeneration          Chrm/Necr      #.........   45%         3    ####...


Dungeon Overview and Level Annotations

Branches:
Dungeon (2/15)

Altars:
Fedhas
Qazlal
Vehumet

Annotations:
D:2 Crazy Yiuf


Message History

You feel yourself slow down.
You closely miss Crazy Yiuf.
Crazy Yiuf is moderately wounded.
Your magical infusion is running out.
Crazy Yiuf hits you with a quarterstaff of chaos.
Crazy Yiuf freezes you. Crazy Yiuf misses you. Crazy Yiuf barely misses you.
Casting: Regeneration
Confirm with . or Enter, or press ? or * to list all spells.
Your skin crawls.
Crazy Yiuf hits you with a quarterstaff of chaos.
You feel your power leaking away.
You hit Crazy Yiuf.
Crazy Yiuf is heavily wounded.
Your skin is crawling a little less now.
Crazy Yiuf hits you with a quarterstaff of chaos!
* * * LOW HITPOINT WARNING * * *
Crazy Yiuf draws strength from your injuries!
Crazy Yiuf closely misses you.
Crazy Yiuf hits you with a quarterstaff of chaos!
You die...

######......##.####..#####
#......##...##.# #.##
#.####.#.....#.####.# #.#
#.#............# #.#
################ #.#
##.####### #..#.#.#.###
#.......#.@#
#......####g....# ##.#..##
##..)# ###### ###


You could see Crazy Yiuf.

Vanquished Creatures
  An adder (D:2)
  An ooze (D:1)
  A worm (D:2)
  A dart slug (D:1)
  2 giant geckos (D:1)
  5 giant cockroaches (D:1)
  6 goblins
  4 hobgoblins
  2 jackals (D:2)
  A ball python (D:2)
  3 bats (D:1)
  A giant newt (D:1)
  4 kobolds
  5 rats
37 creatures vanquished.

Notes
Turn   | Place    | Note
--------------------------------------------------------------
     0 | D:1      | Gagarin the Merfolk Skald began the quest for the Orb.
     0 | D:1      | Reached XP level 1. HP: 16/16 MP: 3/3
   486 | D:1      | Reached XP level 2. HP: 22/22 MP: 1/5
   885 | D:1      | Reached skill level 4 in Charms
   892 | D:1      | Reached XP level 3. HP: 24/28 MP: 2/6
  1505 | D:2      | Found a radiant altar of Vehumet.
  1649 | D:2      | Learned a level 3 spell: Regeneration
  1736 | D:2      | Found a stormy altar of Qazlal.
  1761 | D:2      | Reached XP level 4. HP: 26/34 MP: 2/7
  1844 | D:2      | Found a blossoming altar of Fedhas.
  1846 | D:2      | Became a worshipper of Qazlal Stormbringer
  1885 | D:2      | Noticed Crazy Yiuf
  1894 | D:2      | Slain by Crazy Yiuf

Skill      XL: |  1  2  3 |
---------------+----------+-----
Charms         | 4 |  4.0
Dodging        | 2 |  2.4
Fighting       | |  2.7
Polearms       | |  3.5
Armour         | |  0.9
Spellcasting   | |  2.1

Action                   |  1- 3 |  4- 6 || total
-------------------------+-------+-------++-------
Melee: Spear             |   134 |       ||   134
       Bardiche          |    36 |     5 ||    41
 Cast: Infusion          |     6 |     1 ||     7
       Regeneration      |     1 |     1 ||     2
  Use: Potion            |     1 |       ||     1
  Eat: Chunk             |     2 |     2 ||     4
Armor: Leather armour    |    40 |       ||    40
Dodge: Dodged            |   121 |     6 ||   127
